 Dungeon Crawl Stone Soup version 0.22-a0-157-g169b76a (webtiles) character file.

243 solxrula the Cudgeler (level 5, 0/79 HPs)
             Began as a Troll Berserker on Feb 9, 2018.
             Was a Priest of Trog.
             Slain by Robin
             ... wielding a +0 spear
              (3 damage)
             ... on level 3 of the Dungeon.
             The game lasted 00:09:44 (3064 turns).

solxrula the Cudgeler (Troll Berserker)             Turns: 3064, Time: 00:09:44

Health: 0/79       AC:  5    Str: 31      XL:     5   Next: 82%
Magic:  4/4        EV: 10    Int:  1 (3)  God:    Trog [***...]
Gold:   113        SH:  0    Dex:  9      Spells: 4/4 levels left

rFire    . . .     SeeInvis .   w - +1 mace
rCold    . . .     Gourm    +   (no shield)
rNeg     . . .     Faith    .   d - +0 animal skin
rPois    .         Spirit   .   (helmet restricted)
rElec    .         Reflect  .   (no cloak)
rCorr    .         Harm     .   (gloves unavailable)
MR       .....                  (boots unavailable)
Stlth    ..........             (no amulet)
HPRegen  0.63/turn              (no ring)
MPRegen  0.09/turn              (no ring)

@: berserking, very quick
A: large, unfitting armour, claws 3, fast metabolism 3, gourmand, regeneration
1, shaggy fur 1, tough skin 2
a: Berserk, Trog's Hand, Burn Spellbooks, Renounce Religion


You were on level 3 of the Dungeon.
You worshipped Trog.
Trog was most pleased with you.
You were not hungry.

You visited 1 branch of the dungeon, and saw 3 of its levels.

You collected 113 gold pieces.

Inventory:

Hand Weapons
 o - a +1 trident of freezing
 w - a +1 mace (weapon)
Missiles
 a - 2 tomahawks (quivered)
 b - 2 tomahawks of returning
 c - 166 stones
Armour
 d - a +0 animal skin (worn)
Jewellery
 e - an uncursed amulet of the gourmand {unknown}
 h - an uncursed ring of flight {unknown}
 l - an uncursed amulet of magic regeneration {unknown}
Wands
 k - a wand of paralysis (13)
Scrolls
 g - a scroll of identify {unknown}
 j - a scroll of remove curse
 m - a scroll of blinking {unknown}
Potions
 f - a potion of curing
 n - a potion of brilliance
 p - a potion of mutation {unknown}
Comestibles
 i - 2 rations


   Skills:
 + Level 3.5 Fighting
 + Level 5.2 Maces & Flails
 - Level 2.4 Dodging


You had 4 spell levels left.
You didn't know any spells.

Dungeon Overview and Level Annotations

Branches:
Dungeon (3/15)

Altars:

Annotations:
D:3 Robin


Innate Abilities, Weirdness & Mutations

You are too large for most types of armour.
You have claws for hands.
Your metabolism is lightning-fast.
You like to eat raw meat.
Your natural rate of healing is unusually fast.
You are covered in fur. (AC +1)
You have very tough skin. (AC +2)


Message History

Robin is almost dead.
The hobgoblin hits you. The hobgoblin hits you with a club.
* * * LOW HITPOINT WARNING * * *
The goblin completely misses you. Robin closely misses you.
The hobgoblin hits you.
* * * LOW HITPOINT WARNING * * *
You hit Robin.
Robin is almost dead.
The hobgoblin hits you with a club!
* * * LOW HITPOINT WARNING * * *
The goblin hits you with a dagger.
* * * LOW HITPOINT WARNING * * *
Robin barely misses you.
The hobgoblin hits you but does no damage.
A red film seems to cover your vision as you go berserk!
You feel yourself moving faster!
You feel mighty! The goblin hits you with a dagger.
* * * LOW HITPOINT WARNING * * *
The hobgoblin barely misses you. Robin hits you with a spear.
You die...

#≈≈≈≈≈≈≈#.....#≈≈≈#
#≈≈≈.....#.....#...#
#≈≈......#.....#.).#
#≈≈..##'##.....##'##
#≈≈..#...#.....#...#
#≈≈..#...#.....#...#
#.).#...).#†..#
##'##.....##)##
#........g@..#
#........ggg.#
##########...# #...#
gggg..'...#
g.g.g.'...#
###########


You could see Robin, 2 hobgoblins and a goblin.

Vanquished Creatures
  Purgy (D:3)
  An orc priest (D:3)
  5 adders
  2 dart slugs
  A leopard gecko (D:1)
  5 orcs (D:3)
  3 bats (D:1)
  4 giant cockroaches
  14 goblins
  9 hobgoblins
  6 jackals
  5 kobolds (D:1)
  7 frilled lizards
  4 rats
67 creatures vanquished.

Notes
Turn   | Place    | Note
-------+----------+-------------------------------------------
     0 | D:1      | solxrula the Troll Berserker began the quest for the Orb.
     0 | D:1      | Reached XP level 1. HP: 22/22 MP: 0/0
    96 | D:1      | Reached skill level 3 in Maces & Flails
   134 | D:1      | Reached XP level 2. HP: 29/29 MP: 1/1
   337 | D:1      | Reached ** piety under Trog
   489 | D:1      | You fall through a shaft!
   738 | D:1      | Reached XP level 3. HP: 36/36 MP: 2/2
  1443 | D:2      | Lost intelligence.
  2277 | D:3      | Reached XP level 4. HP: 43/45 MP: 3/3
  2297 | D:3      | Reached skill level 4 in Maces & Flails
  2467 | D:3      | Noticed Purgy
  2485 | D:3      | Killed Purgy
  2485 | D:3      | Reached XP level 5. HP: 53/53 MP: 4/4
  2521 | D:3      | Reached skill level 5 in Maces & Flails
  3019 | D:3      | Noticed Robin
  3058 | D:3      | Reached *** piety under Trog
  3063 | D:3      | HP: 2/53 [goblin/dagger[Robin] (2)]
  3064 | D:3      | Slain by Robin

Vault maps used:
D:1:      dpeg_arrival_water_temple_mockup
D:3:      kennysheep_goblin_castle, uniq_purgy

Skill      XL: |  1  2  3  4  5 |
---------------+----------------+-----
Maces & Flails | 3 4 5 |  5.2
Fighting       | 3 |  3.5
Dodging        | |  2.4

Action                   |  1- 3 |  4- 6 || total
-------------------------+-------+-------++-------
Melee: Mace              |   119 |    97 ||   216
Invok: Berserk           |       |     2 ||     2
  Use: Potion            |     6 |       ||     6
       Scroll            |     4 |       ||     4
  Eat: Chunk             |    23 |     6 ||    29
       Ration            |     2 |       ||     2
Armor: Animal skin       |    61 |    50 ||   111
Dodge: Dodged            |    90 |    94 ||   184

Table legend:
 A = Spawn XP
 B = Non-spawn XP
 C = Spawn XP percentage of total XP
 D = Spawn monster count
 E = Non-spawn monster count
 F = Spawn count percentage of total count
 G = Total turns spent on level
                    A         B        C        D         E        F      G
               +---------+---------+-------+---------+---------+-------+---------
         Total |       0 |     348 |   0.0 |       0 |      67 |   0.0 |  3064
               +---------+---------+-------+---------+---------+-------+---------
           D:1 |       0 |      47 |   0.0 |       0 |      27 |   0.0 |   875
           D:2 |       0 |      31 |   0.0 |       0 |       6 |   0.0 |  1136
           D:3 |       0 |     270 |   0.0 |       0 |      34 |   0.0 |  1053
               +---------+---------+-------+---------+---------+-------+---------
